[Event "POR-chT 1st Divison 2018"]
[Site "Maia"]
[Date "2018.07.21"]
[Round "8"]
[White "Ribeiro, Fernando"]
[Black "Marchena Hurtado, Javier"]
[Result "0-1"]
[ECO "B30"]
[WhiteElo "2165"]
[BlackElo "2354"]
[Annotator "NA"]
[PlyCount "72"]
[EventDate "2018.07.16"]
[EventType "team-tourn"]
[EventCountry "POR"]
[SourceTitle "playchess.com"]
[Source "ChessBase"]
[SourceQuality "1"]
[TimeControl "5400+30"]

1. e4 c5 2. Nf3 Nc6 3. Bb5 d6 4. d4 cxd4 5. Qxd4 Bd7 6. Bxc6 Bxc6 7. Nc3 Nf6 8. Bg5 e6 9. O-O-O Be7 10. Qd3 Qa5 11. h4 h6 12. Bd2 Qa6 13. Qxa6 bxa6 14. Rhe1 Ng4 15. Re2 O-O 16. Bf4 e5 17. Bg3 f5 18. exf5 Rxf5 19. Nd5 Bf8 20. Nh2 Nf6 21. Ne3 Rh5 22. f3 e4 23. fxe4 Nxe4 24. Be1 Re8 25. Nf3 g6 26. c4 Nc5 27. Nd4 Bd7 28. Nd5 Rxe2 29. Nxe2 Rf5 30. Ng3 Rf7 31. b4 Na4 32. Ne4 Bg7 33. Nxd6 Rf8 34. Bg3 Nb2 35. Rd2 Rf1+ 36. Kc2 Ba4# 0-1

[Event "POR-chT 1st Divison 2018"]
[Site "Maia"]
[Date "2018.07.21"]
[Round "8"]
[White "Dias, Ivo Rodrigues"]
[Black "Santos Latasa, Jaime"]
[Result "0-1"]
[ECO "C54"]
[WhiteElo "2138"]
[BlackElo "2576"]
[Annotator "RC"]
[PlyCount "88"]
[EventDate "2018.07.16"]
[EventType "team-tourn"]
[EventCountry "POR"]
[SourceTitle "playchess.com"]
[Source "ChessBase"]
[SourceQuality "1"]
[TimeControl "5400+30"]

1. e4 e5 2. Nf3 Nc6 3. Bc4 Bc5 4. c3 Nf6 5. d3 a6 6. O-O d6 7. h3 Ba7 8. Re1 h6 9. Bb3 Bd7 10. Be3 Bxe3 11. Rxe3 Qe7 12. d4 O-O 13. Nbd2 Rae8 14. Re1 Qd8 15. Bc2 Nh7 16. dxe5 Nxe5 17. Nd4 Ng6 18. Nf1 Ng5 19. Ng3 Nf4 20. Ndf5 Nge6 21. Qg4 Qg5 22. Rad1 g6 23. Qxg5 hxg5 24. Ne3 Nc5 25. f3 Be6 26. b4 Nd7 27. Ba4 b5 28. Bb3 Ne5 29. Ng4 Bxg4 30. hxg4 a5 31. a3 Ra8 32. Nf1 axb4 33. axb4 Ra3 34. Rb1 c5 35. bxc5 dxc5 36. Bd5 Rb8 37. Re3 Rxc3 38. Rxc3 Ne2+ 39. Kf2 Nxc3 40. Rb3 Nxd5 41. exd5 c4 42. Rb1 c3 43. Ke2 b4 44. Ne3 b3 0-1

[Event "POR-chT 1st Divison 2018"]
[Site "Maia"]
[Date "2018.07.21"]
[Round "8"]
[White "Guerreiro, Nuno"]
[Black "Nagy, Gabor"]
[Result "0-1"]
[ECO "A04"]
[WhiteElo "2050"]
[BlackElo "2474"]
[Annotator "ChessBase"]
[PlyCount "54"]
[EventDate "2018.07.16"]
[EventType "team-tourn"]
[EventCountry "POR"]
[SourceTitle "playchess.com"]
[Source "ChessBase"]
[SourceQuality "1"]
[TimeControl "5400+30"]

1. Nf3 c5 2. g3 Nc6 3. Bg2 g6 4. O-O Bg7 5. c4 e5 6. Nc3 Nge7 7. Rb1 O-O 8. Ne1 a6 9. a3 Rb8 10. b4 cxb4 11. axb4 b5 12. cxb5 axb5 13. Qb3 d6 14. Nc2 Be6 15. Nd5 Kh8 16. e4 f5 17. d3 f4 18. Rd1 Qe8 19. gxf4 exf4 20. d4 Bg8 21. Ra1 g5 22. Qh3 Rc8 23. Qd3 Qh5 24. Ra3 Nxd5 25. exd5 Ne7 26. Rd2 Nxd5 27. Qxb5 Rxc2 0-1

[Event "POR-chT 1st Divison 2018"]
[Site "Maia"]
[Date "2018.07.21"]
[Round "8"]
[White "Cavaleiro, Daniel Filipe Costa"]
[Black "Eggert, Alberto"]
[Result "1-0"]
[ECO "E18"]
[WhiteElo "1987"]
[BlackElo "2142"]
[Annotator "NA"]
[PlyCount "77"]
[EventDate "2018.07.16"]
[EventType "team-tourn"]
[EventCountry "POR"]
[SourceTitle "playchess.com"]
[Source "ChessBase"]
[SourceQuality "1"]
[TimeControl "5400+30"]

1. d4 Nf6 2. c4 e6 3. Nf3 b6 4. g3 Bb7 5. Bg2 Be7 6. O-O O-O 7. Nc3 d5 8. b3 Ne4 9. Bb2 f5 10. Nd2 Nc6 11. Ndxe4 dxe4 12. d5 exd5 13. Qxd5+ Rf7 14. Qxd8+ Rxd8 15. Nd5 Bc5 16. Rad1 Rd6 17. Bc3 a5 18. Bh3 g5 19. Rd2 f4 20. e3 h5 21. gxf4 gxf4 22. Nxf4 Rxf4 23. Rxd6 cxd6 24. exf4 e3 25. Be6+ Kf8 26. fxe3 Bxe3+ 27. Kg2 Nb4+ 28. Kg3 Nxa2 29. Bf6 Nc1 30. Bd5 Bc8 31. Kf3 Bh3 32. Rh1 Bd2 33. Rg1 Bg4+ 34. Ke4 Nxb3 35. h3 Nc5+ 36. Kd4 Ne6+ 37. Kd3 Nxf4+ 38. Kxd2 Nxh3 39. Rb1 1-0

[Event "POR-chT 1st Divison 2018"]
[Site "Maia"]
[Date "2018.07.21"]
[Round "8"]
[White "Gomes, Rui Pedro De Sousa"]
[Black "Espineira Gonzalez, Diego"]
[Result "0-1"]
[ECO "D00"]
[WhiteElo "1750"]
[BlackElo "2327"]
[Annotator "NA"]
[PlyCount "70"]
[EventDate "2018.07.16"]
[EventType "team-tourn"]
[EventCountry "POR"]
[SourceTitle "playchess.com"]
[Source "ChessBase"]
[SourceQuality "1"]
[TimeControl "5400+30"]

1. d4 d5 2. Bf4 Nf6 3. e3 c5 4. c3 Qb6 5. Qb3 c4 6. Qc2 Nc6 7. Nd2 g6 8. e4 e6 9. Rb1 Bg7 10. Ngf3 O-O 11. Ne5 Nh5 12. Be3 f5 13. exf5 exf5 14. Ndxc4 dxc4 15. Bxc4+ Kh8 16. Nf7+ Rxf7 17. Bxf7 f4 18. Bxg6 Nb4 19. cxb4 hxg6 20. Qc5 fxe3 21. fxe3 Qe6 22. d5 Qf5 23. Rd1 Bd7 24. d6 Qe4 25. O-O Rc8 26. Qg5 Rc2 27. Rf2 Rxf2 28. Kxf2 Nf6 29. Kg1 Ng4 30. Re1 Bc6 31. Qh4+ Kg8 32. Re2 Bf6 33. Qe1 Nxe3 34. b5 Bxb5 35. Kh1 Bxe2 0-1

[Event "POR-chT 1st Divison 2018"]
[Site "Maia"]
[Date "2018.07.22"]
[Round "9"]
[White "Fernandes, Antonio"]
[Black "Padeiro, Jose"]
[Result "1-0"]
[ECO "A46"]
[WhiteElo "2403"]
[BlackElo "2284"]
[Annotator "NA"]
[PlyCount "92"]
[EventDate "2018.07.16"]
[EventType "team-tourn"]
[EventCountry "POR"]
[SourceTitle "playchess.com"]
[Source "ChessBase"]
[SourceQuality "1"]
[TimeControl "5400+30"]

1. d4 Nf6 2. Nf3 e6 3. g3 d5 4. Bg2 Be7 5. O-O O-O 6. c4 c6 7. Qc2 b6 8. b3 Bb7 9. Nc3 Na6 10. Rd1 Rc8 11. e4 $16 {[%emt 0:08:45] LiveBook: 16 Games} Re8 12. Bf4 h6 13. h4 Bb4 14. e5 Nd7 15. Na4 Bf8 16. Qe2 Nc7 17. Nh2 b5 18. Nb2 bxc4 19. bxc4 c5 20. dxc5 Nxc5 21. Ng4 Nd7 22. Ne3 Qe7 23. cxd5 Nxd5 24. Nxd5 exd5 25. Bxd5 Bxd5 26. Rxd5 Nb6 27. Ra5 Rc6 28. Rd1 Rec8 29. Qe4 Rc2 30. Rb1 Qd7 31. Be3 Re2 32. e6 Qxe6 33. Qxe6 fxe6 34. Nd3 Nd5 35. Nf4 Nxf4 36. gxf4 Rc7 37. Rb8 Kf7 38. Ra8 Be7 39. R8xa7 Rec2 40. a4 Bxh4 41. Bb6 Rxa7 42. Rxa7+ Kg6 43. a5 Rc6 44. Rb7 Rc1+ 45. Kg2 Bf6 46. a6 e5 1-0

[Event "POR-chT 1st Divison 2018"]
[Site "Maia"]
[Date "2018.07.22"]
[Round "9"]
[White "Alshameary Puente, Ismael"]
[Black "Dias, Ivo Rodrigues"]
[Result "1/2-1/2"]
[ECO "D78"]
[WhiteElo "2352"]
[BlackElo "2138"]
[Annotator "NA"]
[PlyCount "59"]
[EventDate "2018.07.16"]
[EventType "team-tourn"]
[EventCountry "POR"]
[SourceTitle "playchess.com"]
[Source "ChessBase"]
[SourceQuality "1"]
[TimeControl "5400+30"]

1. d4 Nf6 2. c4 g6 3. Nf3 Bg7 4. g3 c6 5. Bg2 d5 6. O-O O-O 7. Qb3 Qb6 8. Nc3 Rd8 9. Na4 Qxb3 10. axb3 Na6 11. Bf4 Bf5 12. Rfc1 Bg4 13. Be5 Ne4 14. Bxg7 Kxg7 15. Ne5 Be6 16. Bxe4 dxe4 17. Nc3 Nb4 18. Nxe4 Rxd4 19. Nc5 Bc8 20. Ra4 a5 21. Rca1 Nc2 22. Rc1 Nb4 23. Ncd3 Nxd3 24. Nxd3 Bf5 25. b4 Bxd3 26. exd3 Rxd3 27. bxa5 Rb3 28. Rc2 c5 29. Kf1 Ra6 30. Ra1 1/2-1/2

[Event "POR-chT 1st Divison 2018"]
[Site "Maia"]
[Date "2018.07.22"]
[Round "9"]
[White "Espineira Gonzalez, Diego"]
[Black "Carneiro, Carlos"]
[Result "1-0"]
[ECO "B27"]
[WhiteElo "2327"]
[BlackElo "2094"]
[Annotator "NA"]
[PlyCount "79"]
[EventDate "2018.07.16"]
[EventType "team-tourn"]
[EventCountry "POR"]
[SourceTitle "playchess.com"]
[Source "ChessBase"]
[SourceQuality "1"]
[TimeControl "5400+30"]

1. e4 c5 2. Nf3 g6 3. d4 cxd4 4. Nxd4 Bg7 5. Nc3 Nc6 6. Nde2 Nf6 7. g3 d6 8. Bg2 O-O 9. O-O Bd7 10. h3 Rc8 11. Nd5 Nxd5 12. exd5 Na5 13. a4 $11 {[%emt 0:02:26] LiveBook: 3 Games} Qb6 14. Ra2 Bf5 15. b3 Qc5 16. c4 Qb4 17. Ra3 b6 18. Nd4 Qc3 19. Nb5 Qc2 20. Nxa7 Rc7 21. Nc6 Qxd1 22. Rxd1 Bc2 23. Rd2 Bf5 24. g4 Bb1 25. Re2 e5 26. Be3 Nxc6 27. dxc6 e4 28. Bxb6 Rxc6 29. a5 f5 30. Rd2 f4 31. Bd4 Bxd4 32. Rxd4 e3 33. fxe3 f3 34. Bf1 d5 35. Kf2 Be4 36. a6 Ra8 37. cxd5 Rc2+ 38. Kg3 Rc1 39. Rxe4 Rxf1 40. Rf4 1-0

[Event "POR-chT 1st Divison 2018"]
[Site "Maia"]
[Date "2018.07.22"]
[Round "9"]
[White "Galvao, Henrique"]
[Black "Neves, Pedro"]
[Result "1/2-1/2"]
[ECO "B44"]
[WhiteElo "2161"]
[BlackElo "2236"]
[Annotator "NA"]
[PlyCount "109"]
[EventDate "2018.07.16"]
[EventType "team-tourn"]
[EventCountry "POR"]
[SourceTitle "playchess.com"]
[Source "ChessBase"]
[SourceQuality "1"]
[TimeControl "5400+30"]

1. e4 c5 2. d4 cxd4 3. Nf3 Nc6 4. Nxd4 e6 5. c4 Qc7 6. Nc3 a6 7. Be2 Nf6 8. O-O h5 9. Nxc6 $14 dxc6 10. h3 e5 11. Be3 Be6 12. Qd3 Rd8 13. Qc2 Rg8 14. Rfd1 Rxd1+ 15. Rxd1 g5 16. Na4 Be7 17. Bb6 Qc8 18. Bc5 g4 19. Bxe7 Kxe7 20. Qd3 Rd8 21. Qxd8+ Qxd8 22. Rxd8 Kxd8 23. hxg4 hxg4 24. Nc5 Kc7 25. Kh2 Bc8 26. Nd3 Nxe4 27. Nxe5 f6 28. Nxg4 Bxg4 29. Bxg4 Nxf2 30. Kg3 Nd3 31. b3 Nc1 32. Kf4 Kd8 33. Be6 b6 34. Kf5 Ke7 35. b4 Nxa2 36. c5 Nxb4 37. cxb6 c5 38. Bc4 a5 39. Bb5 Kd6 40. b7 Kc7 41. Kxf6 Kxb7 42. g4 Kc7 43. Bc4 Kd6 44. g5 Nc6 45. g6 Ne7 46. g7 a4 47. Ba2 Kd7 48. Be6+ Kd6 49. Bc4 Kd7 50. Bb5+ Kd6 51. Bxa4 c4 52. Bc2 Ng8+ 53. Kf7 Nh6+ 54. Kg6 Ng8 55. Bb3 1/2-1/2

[Event "POR-chT 1st Divison 2018"]
[Site "Maia"]
[Date "2018.07.22"]
[Round "9"]
[White "Cruz, Jorge Filipe Egas"]
[Black "Guerreiro, Nuno"]
[Result "1/2-1/2"]
[ECO "B00"]
[WhiteElo "2159"]
[BlackElo "2050"]
[Annotator "NA"]
[PlyCount "95"]
[EventDate "2018.07.16"]
[EventType "team-tourn"]
[EventCountry "POR"]
[SourceTitle "playchess.com"]
[Source "ChessBase"]
[SourceQuality "1"]
[TimeControl "5400+30"]

1. e4 Nc6 2. Nf3 Nf6 3. e5 Nd5 4. d4 d6 5. exd6 cxd6 6. c3 e6 7. Be2 Nf6 8. O-O Be7 9. Bg5 O-O 10. Nbd2 Rb8 11. Bd3 Nd5 12. Bxe7 Qxe7 13. Re1 Nf4 14. Bc2 b5 15. Ne4 d5 16. Nc5 b4 17. g3 Ng6 18. Qd3 Qf6 19. Ne5 Ncxe5 20. dxe5 Qe7 21. Nb3 bxc3 22. bxc3 Rb6 23. h4 Ba6 24. Qf3 Rc8 25. h5 Nf8 26. Rad1 Rbc6 27. Re3 h6 28. Rd4 Qc7 29. Rg4 Nh7 30. Nd4 Ng5 31. Rxg5 hxg5 32. Nxc6 Qxc6 33. Qg4 Qc4 34. Qxc4 Rxc4 35. Bb3 Rc5 36. f3 Ra5 37. Kf2 Ra3 38. Re1 Bb5 39. Rb1 a6 40. Ke3 Be8 41. g4 a5 42. Kd4 a4 43. Bc2 Rxa2 44. Bd3 Kf8 45. Rb8 Ke7 46. Rb7+ Kf8 47. Rb8 Ke7 48. Rb7+ 1/2-1/2

[Event "POR-chT 1st Divison 2018"]
[Site "Maia"]
[Date "2018.07.22"]
[Round "9"]
[White "Eggert, Alberto"]
[Black "Gomes, Rui Pedro De Sousa"]
[Result "1-0"]
[ECO "D00"]
[WhiteElo "2142"]
[BlackElo "1750"]
[Annotator "NA"]
[PlyCount "79"]
[EventDate "2018.07.16"]
[EventType "team-tourn"]
[EventCountry "POR"]
[SourceTitle "playchess.com"]
[Source "ChessBase"]
[SourceQuality "1"]
[TimeControl "5400+30"]

1. d4 d5 2. Nc3 c6 3. Nf3 Nf6 4. Bf4 Bf5 5. e3 e6 6. a3 Nbd7 7. Bd3 Bg6 $11 8. h3 Be7 9. O-O O-O 10. Bxg6 hxg6 11. Qd3 c5 12. e4 cxd4 13. Qxd4 Qb6 14. e5 Ne8 15. Qd2 Rc8 16. Be3 Bc5 17. Na4 Qb5 18. Nxc5 Nxc5 19. Nd4 Qa6 20. f3 Nd7 21. Bf4 Qc4 22. Rad1 Nc7 23. b3 Qc5 24. a4 a6 25. Be3 Qe7 26. Bg5 Qc5 27. Rfe1 b5 28. Be3 Qe7 29. Nc6 Qe8 30. Qa5 f6 31. exf6 gxf6 32. Na7 e5 33. Nxc8 Qxc8 34. axb5 d4 35. Bh6 Re8 36. bxa6 Nxa6 37. Qd5+ Kh7 38. Bc1 Re7 39. Rxd4 Qxc2 40. Rh4+ 1-0

[Event "POR-chT 1st Divison 2018"]
[Site "Maia"]
[Date "2018.07.22"]
[Round "9"]
[White "Turcer, Dusan"]
[Black "Cavaleiro, Daniel Filipe Costa"]
[Result "1/2-1/2"]
[ECO "E18"]
[WhiteElo "2039"]
[BlackElo "1987"]
[Annotator "NA"]
[PlyCount "90"]
[EventDate "2018.07.16"]
[EventType "team-tourn"]
[EventCountry "POR"]
[SourceTitle "playchess.com"]
[Source "ChessBase"]
[SourceQuality "1"]
[TimeControl "5400+30"]

1. d4 Nf6 2. Nf3 e6 3. c4 b6 4. g3 Bb7 5. Bg2 Be7 6. O-O O-O 7. Nc3 d5 8. Ne5 c6 9. Bf4 Nbd7 10. b3 $11 {[%emt 0:01:41] LiveBook: 5 Games} Nxe5 11. Bxe5 Ng4 12. Bf4 Bg5 13. e4 Bxf4 14. Qxg4 Bd2 15. Nb1 Bh6 16. Rd1 b5 17. Qe2 bxc4 18. bxc4 Ba6 19. Na3 Qa5 20. Qd3 Rab8 21. f4 Rb2 22. e5 c5 23. Rdb1 Rd2 24. Qb3 dxc4 25. Nxc4 Bxc4 26. Qxc4 cxd4 27. Rd1 Qc3 28. Qxc3 dxc3 29. Rxd2 cxd2 30. h4 Rc8 31. Rd1 Rc1 32. Bf3 f6 33. exf6 gxf6 34. Kf2 Rxd1 35. Bxd1 e5 36. fxe5 fxe5 37. Kf3 Kf7 38. Ke4 Kf6 39. Bg4 Bf8 40. Bd1 h6 41. Bg4 Bb4 42. Bd1 Ba5 43. g4 Bc3 44. Kd3 Bb4 45. Ke4 Bd6 {[%emt 0:00:16] Kxe5+ Kxe5} 1/2-1/2